 Dungeon Crawl Stone Soup version 0.32-a0-996-gb3226c233f (webtiles) character file.

Game seed: 17133680049306769972

119 Gladio the Trooper (level 4, -2/37 HPs)
             Began as a Demonspawn Berserker on Apr 23, 2024.
             Was a Follower of Trog.
             Slain by a black bear (4 damage)
             ... on level 4 of the Dungeon.
             The game lasted 00:03:57 (1769 turns).

Gladio the Trooper (Demonspawn Berserker)           Turns: 1769, Time: 00:03:58

Health: -2/37      AC:  3    Str: 26    XL:     4   Next: 74%
Magic:  4/4        EV: 10    Int:  7    God:    Trog [*.....]
Gold:   115        SH:  0    Dex: 12    Spells: 3/3 levels left

rFire   . .          .
                       - Unarmed
rCold   . . .        (no shield)
rNeg    . . .        f - +0 leather armour
rPois   .            (no helmet)
rElec   .            (no cloak)
rCorr   .            (no gloves)
SInv    .            (no boots)
Will    .....        (no amulet)
Stlth   +            g - +6 ring of strength
HPRegen 0.26/turn    (no ring)
MPRegen 0.09/turn

%: no passive effects
@: on berserk cooldown, slowed, very slow
A: claws 2
a: Renounce Religion, Berserk


You were on level 4 of the Dungeon.
You worshipped Trog.
Trog was aware of your devotion.
You visited 1 branch of the dungeon, and saw 3 of its levels.

You collected 115 gold pieces.

Inventory:

Armour
 b - a +0 animal skin
 f - a +0 leather armour (worn)
Jewellery
 g - a +6 ring of strength (left claw)
Scrolls
 a - a scroll of poison {unknown}
Potions
 d - a potion of invisibility {unknown}
 e - a potion of mutation {unknown}
 h - 2 potions of brilliance
 i - a potion of curing {unknown}


   Skills:
 + Level 4.0 Fighting
 - Level 3.0 Axes
 - Level 1.7 Armour
 - Level 1.7 Dodging
 * Level 2.8 Unarmed Combat


You had 3 spell levels left.
You didn't know any spells.
Your spell library was empty.

Dungeon Overview and Level Annotations

Branches:
Dungeon (2/15)

Altars:


Innate Abilities, Weirdness & Mutations

You have very sharp fingernails.


Message History

* * * LOW HITPOINT WARNING * * *
The black bear misses you. The black bear completely misses you.
You feel much better. The black bear barely misses you.
The black bear completely misses you.
The black bear claws you but does no damage.
The black bear closely misses you. The black bear claws you.
The black bear barely misses you.
You scratch the black bear but do no damage.
The black bear barely misses you.
The black bear claws you but does no damage.
The black bear claws you. The goblin hits you but does no damage.
You claw the black bear!
The black bear is heavily wounded.
The black bear misses you. The black bear barely misses you. x2
The goblin hits you but does no damage.
You scratch the black bear.
The black bear is severely wounded.
The black bear goes berserk!
The goblin hits you but does no damage. The black bear bites you!
The black bear claws you but does no damage.
The black bear claws you.
You barely miss the black bear.
The black bear is severely wounded.
The goblin hits you but does no damage. The black bear barely misses you.
The black bear claws you. x2
* * * LOW HITPOINT WARNING * * *
The goblin barely misses you. The black bear closely misses you.
The black bear claws you.
* * * LOW HITPOINT WARNING * * *
The black bear closely misses you.
You scratch the black bear.
The black bear is severely wounded.
The black bear bites you.
* * * LOW HITPOINT WARNING * * *
The black bear closely misses you.
The black bear claws you but does no damage.
The goblin hits you with a +0 dagger.
* * * LOW HITPOINT WARNING * * *
The black bear barely misses you. The black bear claws you.
You die...

#.. #.#.# .# #.#.#
.# #.#.# .# . #.#.#
.# .## #.#.# .#
...##.#.# .#
.....[#.# #######g#
...##.#.# #....h@.#
......#.###.#######
............#
......#.#####
......#.# ...####..
... #### #.# ..


You could see a black bear (berserk) and a goblin.

Vanquished Creatures
  A bombardier beetle (D:4)
  3 gnolls
  An adder (D:2)
  3 ribbon worms
  2 dart slugs
  4 endoplasms
  3 goblins (D:1)
  5 hobgoblins
  4 jackals (D:1)
  3 ball pythons
  5 bats (D:1)
  3 kobolds
  2 rats (D:1)
39 creatures vanquished.

Notes
Turn   | Place    | Note
-------+----------+-------------------------------------------
     0 | D:1      | Gladio the Demonspawn Berserker began the quest for the
                  | Orb.
     0 | D:1      | Reached XP level 1. HP: 18/18 MP: 1/1
   213 | D:1      | Gained mutation: You have sharp fingernails. [demonic
                  | ancestry]
   213 | D:1      | Reached XP level 2. HP: 9/24 MP: 2/2
   465 | D:1      | Reached skill level 1 in Unarmed Combat
   595 | D:1      | Reached XP level 3. HP: 29/29 MP: 3/3
   968 | D:2      | HP: 1/29 [poisoned by an adder]
  1288 | D:2      | Gained mutation: You have very sharp fingernails. [demonic
                  | ancestry]
  1288 | D:2      | Reached XP level 4. HP: 24/37 MP: 4/4
  1626 | D:2      | Reached ** piety under Trog
  1688 | D:2      | Found a faded altar of an unknown god.
  1736 | D:2      | You fall into a shaft and drop 2 floors!
  1748 | D:4      | Reached skill level 4 in Fighting
  1748 | D:4      | Noticed a black bear
  1769 | D:4      | Slain by a black bear

Illustrated notes

Levels and vault maps discovered:
D:1:      dpeg_arrival_brainrot, layout_basic, hangedman_decor_riveting,
          minmay_pentomino_z4
D:2:      layout_basic, ebering_ecumenical_altar_sacrificial,
          dreamdust_wishing_well, st_stairs_7
D:4:      layout_loops_ring, mainiacjoe_overflow_small_starburst,
          nicolae_ru_the_path_less_chosen, serial_shops,
          nicolae_shop_rolling_square, grunt_ministairs_13

Skill      XL: |  1  2  3  4 |
---------------+-------------+-----
Axes           | 3 |  3.0
Unarmed Combat | 1 2 |  2.8
Fighting       | 4 |  4.0
Armour         | |  1.7
Dodging        | |  1.7

Action                     |  1- 3 |  4- 6 || total
---------------------------+-------+-------++-------
  Melee: Hand axe          |    29 |       ||    29
         Unarmed           |   103 |    20 ||   123
         Punch             |     3 |       ||     3
 Invoke: Berserk           |     4 |     1 ||     5
    Use: Scroll            |     2 |       ||     2
         Potion            |       |     2 ||     2
 Armour: Animal skin       |    74 |       ||    74
         Leather armour    |       |    37 ||    37
  Dodge: Dodged            |    88 |    23 ||   111

Table legend: (Time is in decaauts)
 A = Elapsed time spent in this place.
 B = Non-inter-level travel time spent in this place.
 C = Inter-level travel time spent in this place.
 D = Time resting spent in this place.
 E = Time spent auto-exploring this place.
 F = Levels seen in this place.
 G = Mean time per level.
                   A        B        C        D        E       F      G
               +--------+--------+--------+--------+--------+-----+--------+
         Total |   1814 |   1671 |    143 |      1 |   1291 |   3 |  604.7 |
       Dungeon |   1814 |   1671 |    143 |      1 |   1291 |   3 |  604.7 |
               +--------+--------+--------+--------+--------+-----+--------+

Top non-repeatable levels by time:
     D:1: 1251 daAuts
     D:2: 523 daAuts
     D:4: 39 daAuts
